 Dungeon Crawl Stone Soup version 0.23.2-11-gf996548c65 (webtiles) character file.

Game seed: 13700182270975962789

8 Royalard the Firebug (level 2, -3/20 HPs)
             Began as a Draconian Fire Elementalist on June 5, 2019.
             Slain by Sigmund
             ... wielding a +0 scythe
              (6 damage)
             ... on level 2 of the Dungeon.
             The game lasted 00:07:02 (571 turns).

Royalard the Firebug (Draconian Fire Elementalist)   Turns: 571, Time: 00:07:03

Health: -3/20      AC:  5    Str: 10    XL:     2   Next: 0%
Magic:  5/5        EV: 12    Int: 15    God:
Gold:   48         SH:  0    Dex: 11    Spells: 4/5 levels left

rFire    . . .     SeeInvis .   a - +0 hand axe
rCold    . . .     Gourm    .   (no shield)
rNeg     . . .     Faith    .   (armour unavailable)
rPois    .         Spirit   .   (helmet restricted)
rElec    .         Reflect  .   (no cloak)
rCorr    .         Harm     .   (no gloves)
MR       .....                  d - +0 pair of boots
Stlth    ++........             (no amulet)
HPRegen  0.06/turn              (no ring)
MPRegen  0.09/turn              (no ring)

@: no status effects
A: unfitting armour, cold-blooded, AC +4
a: no special abilities


You were on level 2 of the Dungeon.
You were not hungry.

You visited 1 branch of the dungeon, and saw 2 of its levels.

You collected 48 gold pieces.

Inventory:

Hand Weapons
 a - a +0 hand axe (weapon)
 h - a +0 club
Missiles
 c - 44 sling bullets
 j - 22 stones (quivered)
 k - 21 bolts
Armour
 d - a +0 pair of boots (worn)
 g - a +0 naga barding
Scrolls
 f - a scroll of magic mapping {unknown}
Potions
 e - a potion of brilliance {unknown}
 i - a potion of resistance {unknown}
Comestibles
 b - 2 rations


   Skills:
 + Level 1.7 Dodging
 + Level 1.8 Stealth
 + Level 2.1 Spellcasting
 + Level 1.0 Conjurations
 + Level 3.4 Fire Magic


You had 4 spell levels left.
You knew the following spells:

 Your Spells              Type           Power        Failure   Level  Hunger
a - Flame Tongue          Conj/Fire      #....        9%          1    #......

Your spell library contained the following spells:

 Spells                   Type           Power        Failure   Level  Hunger
 Throw Flame              Conj/Fire      #.....       13%         2    ###....
 Conjure Flame            Conj/Fire      #.......     26%         3    ###....
 Inner Flame              Hex/Fire       #.......     32%         3    ###....
 Sticky Flame             Conj/Fire      #.......     65%         4    #####..
 Fireball                 Conj/Fire      #.........   94%         5    ######.


Dungeon Overview and Level Annotations

Branches:
Dungeon (2/15)

Altars:

Annotations:
D:2 Sigmund


Innate Abilities, Weirdness & Mutations

Your plain brown scales are hard. (AC +4)
You cannot fit into any form of body armour.
You are cold-blooded and may be slowed by cold attacks.


Message History

You throw a stone. The stone barely misses Sigmund.
Throwing (i - inventory)
j - 25 stones (quivered)
Press: ? - help, Shift-Dir - straight line, f/p - Sigmund
Aim: Sigmund, wielding a +0 scythe and wearing a +0 robe You throw a stone.
The stone completely misses Sigmund.
Sigmund barely misses you.
Throwing (i - inventory)
j - 24 stones (quivered)
Press: ? - help, Shift-Dir - straight line, f/p - Sigmund
Aim: Sigmund, wielding a +0 scythe and wearing a +0 robe You throw a stone.
The stone hits Sigmund.
Sigmund is lightly wounded.
Throwing (i - inventory)
j - 23 stones (quivered)
Press: ? - help, Shift-Dir - straight line, f/p - Sigmund
Aim: Sigmund, wielding a +0 scythe and wearing a +0 robe (lightly wounded)
You throw a stone. The stone closely misses Sigmund.
Sigmund hits you from afar with a +0 scythe!
Ouch! That really hurt!
* * * LOW HITPOINT WARNING * * *
Sigmund hits you with a +0 scythe.
You die...

###########
#..........
#.######### #.# #
#.####
####.#########....#
........%.........#
###...@###########
#...@# #....#
#....# #....#
#...(# #(((..
!....#


You could see Sigmund.

Vanquished Creatures
  A giant cockroach (D:2)
  A goblin (D:2)
  A hobgoblin (D:1)
  A kobold (D:2)
  A bat (D:2)
  A frilled lizard (D:1)
  2 rats
8 creatures vanquished.

Notes
Turn   | Place    | Note
-------+----------+-------------------------------------------
     0 | D:1      | Royalard the Draconian Fire Elementalist began the quest
                  | for the Orb.
     0 | D:1      | Reached XP level 1. HP: 14/14 MP: 3/3
   538 | D:2      | Reached XP level 2. HP: 16/20 MP: 5/5
   564 | D:2      | Noticed Sigmund
   571 | D:2      | Slain by Sigmund

Action                   || total
-------------------------++-------
Melee: Hand axe          ||    28
       Unarmed           ||     4
       Tailslap          ||     1
Throw: Stone             ||     9
 Stab: Sleeping          ||     1
Armor: Skin              ||    12
Dodge: Dodged            ||    17
